 Dungeon Crawl Stone Soup version 0.22.1-1-ga44c0e56f4 (webtiles) character file.

100 OdinFK the Skirmisher (level 4, 0/37 HPs)
             Began as a Demonspawn Abyssal Knight on Oct 22, 2018.
             Was a Believer of Lugonu.
             Slain by Sigmund
             ... wielding a +0 scythe
              (11 damage)
             ... on level 3 of the Dungeon.
             The game lasted 00:05:03 (2048 turns).

OdinFK the Skirmisher (Demonspawn Abyssal Knight)   Turns: 2048, Time: 00:05:03

Health: 0/37       AC: 10    Str: 13    XL:     4   Next: 46%
Magic:  5/5        EV:  6    Int: 14    God:    Lugonu [**....]
Gold:   166        SH:  0    Dex: 12    Spells: 3/3 levels left

rFire    . . .     SeeInvis .   a - +1 hand axe
rCold    . . .     Gourm    .   (no shield)
rNeg     . . .     Faith    .   h - +0 chain mail
rPois    .         Spirit   .   (no helmet)
rElec    .         Reflect  .   (no cloak)
rCorr    .         Harm     .   (no gloves)
MR       .....                  (no boots)
Stlth    ..........             (no amulet)
HPRegen  0.12/turn              b - ring of wizardry
MPRegen  0.09/turn              (no ring)

@: no status effects
A: thin metallic scales 1, powered by pain 1
a: Depart the Abyss, Bend Space, Renounce Religion


You were on level 3 of the Dungeon.
You worshipped Lugonu.
Lugonu was pleased with you.
You were not hungry.

You visited 1 branch of the dungeon, and saw 3 of its levels.
You visited the Abyss 1 time.

You collected 166 gold pieces.

Inventory:

Hand Weapons
 a - a +1 hand axe (weapon)
Armour
 h - a +0 chain mail (worn)
Jewellery
 b - a ring of wizardry (left hand)
Scrolls
 f - 2 scrolls of magic mapping
 i - a scroll of identify
 j - a scroll of immolation {unknown}
 k - a scroll of remove curse {unknown}
 l - a scroll of fog
 m - a scroll of teleportation {unknown}
 o - a scroll of amnesia
Potions
 d - a potion of berserk rage
 e - 3 potions of curing
 g - a potion of agility
 n - 2 potions of heal wounds
 q - a potion of mutation
 r - a potion of might {unknown}
 s - a potion of resistance {unknown}
Comestibles
 c - 4 rations
 p - 3 chunks of flesh


   Skills:
 + Level 4.2 Fighting
 + Level 3.1 Axes
 + Level 2.2 Armour
 - Level 0.8 Dodging
 - Level 2.4 Invocations


You had 3 spell levels left.
You didn't know any spells.
Your spell library was empty.

Dungeon Overview and Level Annotations

Branches:
Dungeon (3/15)

Altars:
Trog
Uskayaw

Annotations:
D:3 Sigmund


Innate Abilities, Weirdness & Mutations

You are partially covered in thin metallic scales. (AC +2)
You sometimes gain a little power by taking damage.


Message History

You hear a zap.
A puff of flame appears from out of thin air!
The puff of flame hits you!
You miss something.
You hear a zap.
A puff of flame appears from out of thin air!
The puff of flame hits you!
You slash something!
You hear some strange, mumbled words.
You are confused.
Something hits you but does no damage.
You bump into the rock wall.
You feel better. Something hits you!
You miss something.
You hear a zap.
A puff of flame appears from out of thin air!
The puff of flame hits you!
* * * LOW HITPOINT WARNING * * *
You hit something. Something hits you!
You die...

### #.. ### ###
#.# #.# #.# #.# #
#.#
#.######.####.# #
#.#
#.............#
###.#
#.######.######
....#####.######@#
...............#{#
########.#######.#
.........#. ..#
........... .>.
.........#. ..##
.........#.. ..
........## .....
.....<..# ...


There were no monsters in sight!

Vanquished Creatures
  3 adders
  An ooze (D:1)
  A worm (D:2)
  4 dart slugs
  A leopard gecko (D:1)
  2 orcs
  9 bats
  3 giant cockroaches
  7 goblins
  7 hobgoblins
  3 jackals (D:1)
  A quokka (D:3)
  3 frilled lizards
  5 kobolds
  4 rats
54 creatures vanquished.

Notes
Turn   | Place    | Note
-------+----------+-------------------------------------------
     0 | Abyss:1  | OdinFK the Demonspawn Abyssal Knight began the quest for
                  | the Orb.
     0 | Abyss:1  | Reached XP level 1. HP: 18/18 MP: 2/2
    61 | D:1      | Escaped the Abyss
   116 | D:1      | Gained mutation: You are partially covered in thin metallic
                  | scales. (AC +2) [demonic ancestry]
   116 | D:1      | Reached XP level 2. HP: 24/24 MP: 3/3
   514 | D:1      | Reached XP level 3. HP: 30/30 MP: 4/4
   960 | D:2      | Reached ** piety under Lugonu
   996 | D:2      | Reached skill level 4 in Fighting
  1103 | D:2      | Gained mutation: You sometimes gain a little power by
                  | taking damage. [demonic ancestry]
  1103 | D:2      | Reached XP level 4. HP: 36/37 MP: 5/5
  1991 | D:3      | Found a hide-covered altar of Uskayaw.
  2000 | D:3      | Found a bloodstained altar of Trog.
  2027 | D:3      | Noticed Sigmund
  2048 | D:3      | Slain by Sigmund

Skill      XL: |  1  2  3  4 |
---------------+-------------+-----
Axes           | 2 3 |  3.1
Armour         | 2 |  2.2
Fighting       | 4 |  4.2
Dodging        | |  0.8
Invocations    | |  2.4

Action                   |  1- 3 |  4- 6 || total
-------------------------+-------+-------++-------
Melee: Hand axe          |   135 |    79 ||   214
  Use: Scroll            |     3 |     4 ||     7
       Potion            |       |     2 ||     2
  Eat: Chunk             |     1 |     3 ||     4
Armor: Leather armour    |     6 |       ||     6
       Chain mail        |   105 |    53 ||   158
Dodge: Dodged            |    51 |    22 ||    73
